 Dungeon Crawl Stone Soup version 0.29.1-13-g9f3cf754e1 (webtiles) character file.

Game seed: 7312784145407961366

5927 octoduck the Severer (level 10, -8/79 HPs)
             Began as a Minotaur Fighter on Feb 5, 2023.
             Was a High Priest of Uskayaw.
             Mangled by a yak (13 damage)
             ... on level 8 of the Dungeon.
             The game lasted 00:28:00 (8632 turns).

octoduck the Severer (Minotaur Fighter)             Turns: 8632, Time: 00:28:00

Health: -8/79      AC:  7    Str: 32    XL:     10   Next: 54%
Magic:  10/13      EV: 10    Int:  5    God:    Uskayaw [*****.]
Gold:   479        SH:  5    Dex: 13    Spells: 9/9 levels left

rFire   . . .      SeeInvis .   a - +1 war axe (drain)
rCold   . . .      Faith    .   c - +0 buckler
rNeg    . . .      Spirit   .   o - +3 leather armour of the Nexus {rPois Dex+4 Stlth+}
rPois   +          Reflect  .   (helmet restricted)
rElec   .          Harm     .   B - scarf {repulsion}
rCorr   .          Rampage  .   (no gloves)
Will    +....                   h - +0 pair of boots
Stlth   ++........              (no amulet)
HPRegen 0.23/turn               n - ring of willpower
MPRegen 0.13/turn               F - +6 ring of strength

@: repel missiles
A: horns 2, retaliatory headbutt
a: Renounce Religion, Stomp, Line Pass, Grand Finale


You were on level 8 of the Dungeon.
You worshipped Uskayaw.
Uskayaw was noncommittal.
You visited 1 branch of the dungeon, and saw 9 of its levels.

You collected 479 gold pieces.

Inventory:

Hand Weapons
 a - a +1 war axe of draining (weapon)
 C - a +0 battleaxe
 D - the +10 dagger of Baeph {freeze, Int+8 Dex+4}
   (You took it off an orc warrior on level 8 of the Dungeon)

   It freezes those it strikes, dealing additional cold damage.
   It can also slow down cold-blooded creatures.
   Int:       It affects your intelligence (+8).
   Dex:       It affects your dexterity (+4).
Missiles
 G - 15 poisoned darts (quivered)
 H - 2 boomerangs
Armour
 b - a +0 scale mail
 c - a +0 buckler (worn)
 g - a +0 cloak
 h - a +0 pair of boots (worn)
 o - the +3 leather armour of the Nexus (worn) {rPois Dex+4 Stlth+}
   (You found it on level 2 of the Dungeon)

   Dex:       It affects your dexterity (+4).
   rPois:     It protects you from poison.
   Stlth:     It makes you more stealthy.
 y - a +0 kite shield
 z - +0 acid dragon scales
 B - a scarf of repulsion (worn)
Jewellery
 n - a ring of willpower (left hand)
 p - a ring of magical power
 r - a +6 ring of intelligence
 F - a +6 ring of strength (right hand)
Wands
 v - a wand of flame (18)
Scrolls
 l - 6 scrolls of teleportation
 s - 3 scrolls of blinking
 t - a scroll of enchant weapon
Potions
 d - 3 potions of might
 e - 3 potions of haste
 f - a potion of invisibility {unknown}
 i - 2 potions of brilliance {unknown}
 j - a potion of curing
 k - 2 potions of lignification
 m - a potion of cancellation {unknown}
 q - a potion of resistance
 u - a potion of mutation {unknown}
 w - a potion of heal wounds {unknown}
 x - 2 potions of attraction
 E - 2 potions of ambrosia {unknown}


   Skills:
 + Level 4.2 Fighting
 - Level 17.0 Axes
 + Level 4.2 Armour
 + Level 4.2 Shields
 + Level 5.4 Invocations


You had 9 spell levels left.
You didn't know any spells.
Your spell library contained the following spells:

 Spells                   Type           Power      Damage    Failure   Level
 Slow                     Hex            0%         N/A       61%         1
 Summon Small Mammal      Summ           0%         N/A       61%         1
 Call Canine Familiar     Summ           0%         N/A       93%         3
 Confusing Touch          Hex            0%         N/A       93%         3
 Ozocubu's Armour         Ice            0%         N/A       93%         3
 Summon Guardian Golem    Hex/Summ       0%         N/A       93%         3
 Vampiric Draining        Necr           0%         2d6       93%         3
 Olgreb's Toxic Radiance  Pois           0%         N/A       100%        4
 Ozocubu's Refrigeration  Ice            0%         4d7       100%        7
 Ignition                 Fire           0%         3d3       100%        8


Dungeon Overview and Level Annotations

Branches:
Dungeon (9/15)             Temple (0/1) D:7
   Lair: D:8-11         Orc: D:9-12

Altars:
Dithmenos
Gozag
Nemelex Xobeh
Sif Muna
Uskayaw
Yredelemnul

Shops:
D:1 *   D:7 !

Annotations:
D:6 1 runed translucent door, Crazy Yiuf


Innate Abilities, Weirdness & Mutations

You have a pair of horns on your head.
You reflexively headbutt those who attack you in melee.


Message History

Uskayaw will force your foes to share their pain.
Your Fighting skill increases to level 4!
Your Armour skill increases to level 4!
Your Shields skill increases to level 4!
You slash the yak!
You kill the yak!
You climb downwards.
The kobold brigand shouts!
The kobold shouts!
The wyvern hisses angrily.
The howler monkey hits you. The yak gores you!
* * * LOW HITPOINT WARNING * * *
The yak barely misses you. You furiously retaliate!
You headbutt the yak! The yak gores you but does no damage.
A yak comes into view.
The howler monkey hits you.
* * * LOW HITPOINT WARNING * * *
The yak gores you but does no damage. The yak barely misses you.
You block the yak's attack.
There is a stone staircase leading up, spattered with blood here.
The howler monkey completely misses you.
The yak closely misses you. You block the yak's attack. The yak gores you!
* * * LOW HITPOINT WARNING * * *
The yak barely misses you. You furiously retaliate!
You headbutt the yak!
You climb upwards.
There is a stone staircase leading down, spattered with blood here.
You feel better. The howler monkey misses you. You furiously retaliate!
You headbutt the howler monkey! The yak barely misses you.
You block the howler monkey's attack. You block the yak's attack.
The yak gores you!
* * * LOW HITPOINT WARNING * * *
You can now merge with and destroy a victim.
You barely miss the howler monkey.
The howler monkey is heavily wounded.
You hit the yak. You drain the yak. You slice the yak!! You drain the yak!
You hit the yak but do no damage. You drain the yak.
You block the howler monkey's attack.
You slash the howler monkey!
You kill the howler monkey!
You hit the yak but do no damage. You drain the yak. You slash the yak!
You barely miss the yak. The yak gores you!
You die...

............###....#
....#.........#.##.#
....#..........[<#.#
............#...##.#
............#[.....#
............#..)#########
...................#....#
.<...........##Y##....#.#
..........##...)@#.#..#.#
..........#....YY#....#.#
..........#.....Y..##.#.#
................###?..#.#
.(..............###o###.####
...................o.......#
...######.....#####......#.#
...#..........#.o....#...#.#
..##..........#.#.....##(#.#


You could see 4 yaks.

Vanquished Creatures
  Erica (D:8)
  Pikel (D:6)
  Maggie (D:6)
  Prince Ribbit (D:5)
  Grinder (D:6)
  Sigmund (D:5)
  6 yaks (D:8)
  A steam dragon (D:8)
  Menkaure (D:6)
  Edmund (D:5)
  Duvessa (D:5)
  A water moccasin (D:8)
  5 ice beasts
  2 orc warriors (D:8)
  A black bear (D:5)
  3 lemures (D:6)
  A kobold brigand (D:8)
  4 necrophages
  2 bullfrogs (D:8)
  2 scorpions (D:5)
  A water moccasin zombie (D:4)
  3 wights (D:4)
  Dowan (D:5)
  6 killer bees
  3 howler monkeys
  4 jellies
  A bullfrog zombie (D:4)
  2 hounds
  An orc priest (D:8)
  A gnoll bouda (D:7)
  A human zombie (D:4)
  4 iguanas
  2 orc wizards (D:8)
  Ijyb (D:5)
  A hound zombie (D:4)
  A mummy (D:4)
  3 gnolls (D:7)
  9 adders
  4 shadow imps
  2 white imps
  3 worms
  4 dart slugs
  15 orcs
  3 ball pythons
  6 endoplasms
  3 giant cockroaches (D:1)
  8 hobgoblins
  2 jackals (D:4)
  A quokka (D:3)
  2 bats
  A frilled lizard (D:1)
  7 goblins
  A jackal zombie (D:4)
  8 kobolds
  8 rats
160 creatures vanquished.

Vanquished Creatures (others)
  4 fungi (D:6)
  A plant (D:5)
5 creatures vanquished.

Grand Total: 165 creatures vanquished

Notes
Turn   | Place    | Note
-------+----------+-------------------------------------------
     0 | D:1      | octoduck the Minotaur Fighter began the quest for the Orb.
     0 | D:1      | Reached XP level 1. HP: 19/19 MP: 0/0
    82 | D:1      | Found Xiatas's Assorted Antiques.
   117 | D:1      | Reached skill level 3 in Axes
   242 | D:1      | Reached XP level 2. HP: 26/26 MP: 1/1
   611 | D:1      | Reached skill level 4 in Axes
   762 | D:2      | Reached XP level 3. HP: 31/31 MP: 2/2
  1029 | D:2      | Identified the +3 leather armour of the Nexus {rPois Dex+4
                  | Stlth+}
  1089 | D:2      | Found a faded altar of an unknown god.
  1310 | D:3      | Found an opulent altar of Gozag.
  1391 | D:3      | Reached skill level 5 in Axes
  1795 | D:4      | Noticed a wight
  1880 | D:4      | Reached XP level 4. HP: 39/39 MP: 3/3
  1908 | D:4      | Noticed an ice beast
  2028 | D:4      | Killed an ice beast
  2029 | D:4      | Reached skill level 7 in Axes
  2029 | D:4      | Reached XP level 5. HP: 29/45 MP: 4/4
  2496 | D:4      | Found a faded altar of an unknown god.
  2496 | D:4      | Found a shadowy altar of Dithmenos.
  2503 | D:4      | Found a sparkling altar of Nemelex Xobeh.
  2508 | D:4      | Found a hide-covered altar of Uskayaw.
  2509 | D:4      | Found a faded altar of an unknown god.
  2530 | D:4      | Became a worshipper of Uskayaw the Reveller
  2573 | D:4      | Reached * piety under Uskayaw
  2575 | D:4      | Reached XP level 6. HP: 47/51 MP: 5/5
  2810 | D:5      | Entered Level 5 of the Dungeon
  2820 | D:5      | Noticed Duvessa
  2832 | D:5      | Reached ** piety under Uskayaw
  2833 | D:5      | Reached skill level 8 in Axes
  3186 | D:5      | Noticed Ijyb
  3189 | D:5      | Killed Ijyb
  3272 | D:5      | Noticed Prince Ribbit
  3350 | D:5      | Reached skill level 9 in Axes
  3351 | D:5      | Reached *** piety under Uskayaw
  3353 | D:5      | Reached XP level 7. HP: 57/57 MP: 6/6
  3605 | D:5      | Killed Duvessa
  3606 | D:5      | Reached skill level 10 in Axes
  3649 | D:5      | Noticed Dowan
  3652 | D:5      | Killed Dowan
  3698 | D:5      | Noticed Edmund
  3718 | D:5      | Killed Edmund
  3719 | D:5      | Reached skill level 11 in Axes
  3886 | D:5      | Noticed Sigmund
  3896 | D:5      | Killed Sigmund
  3897 | D:5      | Reached XP level 8. HP: 64/64 MP: 7/7
  4058 | D:6      | Noticed Maggie
  4140 | D:6      | Reached skill level 12 in Axes
  4332 | D:6      | Noticed Grinder
  4332 | D:6      | Noticed Pikel
  4342 | D:6      | Killed Grinder
  4343 | D:6      | Reached skill level 13 in Axes
  4347 | D:6      | Reached **** piety under Uskayaw
  4348 | D:6      | Killed Pikel
  4349 | D:6      | Reached skill level 14 in Axes
  4349 | D:6      | Reached XP level 9. HP: 59/70 MP: 8/8
  4448 | D:6      | Noticed Menkaure
  4464 | D:6      | Killed Menkaure
  4770 | D:6      | Killed Maggie
  4771 | D:6      | Reached skill level 15 in Axes
  5075 | D:6      | Found a runed translucent door.
  5076 | D:6      | Noticed Crazy Yiuf
  5202 | D:7      | Reached skill level 1 in Invocations
  5349 | D:7      | Found a staircase to the Ecumenical Temple.
  5394 | D:7      | Found Cachewoad's Distillery.
  5704 | D:8      | Noticed Erica
  5859 | D:4      | Reached ***** piety under Uskayaw
  5872 | D:4      | Found a basalt altar of Yredelemnul.
  5875 | D:4      | Reached ****** piety under Uskayaw
  6059 | D:5      | Killed Prince Ribbit
  6416 | D:8      | Reached skill level 16 in Axes
  6513 | D:8      | Found a shimmering blue altar of Sif Muna.
  7026 | D:8      | Identified the +10 dagger of Baeph {freeze, Int+8 Dex+4}
  7027 | D:8      | Reached XP level 10. HP: 19/77 MP: 4/11
  7283 | D:8      | Killed Erica
  8436 | D:9      | Noticed a boulder beetle
  8507 | D:8      | Reached skill level 17 in Axes
  8507 | D:8      | Reached skill level 5 in Invocations
  8632 | D:8      | Mangled by a yak

Illustrated notes

Levels and vault maps discovered:
D:1:      nicolae_arrival_somewhat_less_tricky_arrival, layout_rooms,
          serial_shops, nicolae_square_shop
D:2:      layout_rooms, shapermc_ecumenical_altar_ellora
D:3:      layout_basic, mainiacjoe_overflow_surrounded_room
D:4:      layout_gridville, chequers_temple_overflow_minitemple,
          lemuel_mausoleum_altar_yredelemnul, minmay_misc_feat_rugged
D:5:      layout_basic, solitary_fountain, minmay_door_square,
          sigmund_edmund_badplayer, uniq_edmund, uniq_ijyb, uniq_duvessa,
          uniq_prince_ribbit1
D:6:      layout_cave_pools, uniq_menkaure, uniq_crazy_yiuf_cottage,
          uniq_maggie, uniq_grinder, uniq_pikel
D:7:      layout_rooms, minmay_temple_entry_large_hall, serial_shops,
          nicolae_shop_waterfront
D:8:      layout_basic, lemuel_blue_sif_altar, uniq_erica
D:9:      layout_basic, st_stairs_12, grunt_ogre_cave

Skill      XL: |  1  2  3  4  5  6  7  8  9 10 |
---------------+-------------------------------+-----
Axes           | 3 4 5 7 9 11 14 16 17 | 17.0
Invocations    | 3 5 |  5.4
Fighting       | 4 |  4.2
Armour         | 4 |  4.2
Shields        | 4 |  4.2

Action                   |  1- 3 |  4- 6 |  7- 9 | 10-12 || total
-------------------------+-------+-------+-------+-------++-------
Melee: War axe           |    86 |    65 |   213 |    49 ||   413
       Headbutt          |    12 |    12 |    41 |    10 ||    75
Throw: Throwing net      |       |       |     2 |     3 ||     5
       Dart              |       |       |       |     6 ||     6
       Boomerang         |       |       |       |     4 ||     4
Invok: Stomp             |       |       |     3 |     3 ||     6
Evoke: Wand              |       |       |       |     2 ||     2
  Use: Scroll            |     7 |       |     8 |       ||    15
       Potion            |       |     1 |     1 |     3 ||     5
 Stab: Sleeping          |       |     6 |     5 |       ||    11
       Paralysed         |       |     1 |     5 |     6 ||    12
       Held in net/web   |       |       |       |     1 ||     1
Armor: Scale mail        |    19 |       |       |       ||    19
       Leather armour    |    13 |    15 |    46 |    12 ||    86
Dodge: Dodged            |    30 |    26 |    56 |    39 ||   151
Block: Buckler           |    18 |     7 |    33 |    19 ||    77
